 Dungeon Crawl Stone Soup version 0.28-a0-265-g048bc9fd10 (webtiles) character file.

Game seed: 16201547139869085357

108 silenth the Magician (level 5, -13/35 HPs)
             Began as a Djinni Earth Elementalist on Aug 27, 2021.
             Killed from afar by Ijyb (33 damage)
             ... with a bolt of acid
             ... on level 3 of the Dungeon.
             The game lasted 00:06:23 (2732 turns).

silenth the Magician (Djinni Earth Elementalist)    Turns: 2732, Time: 00:06:24

Health: -13/35     AC: 11    Str:  7    XL:     5   Next: 12%
Gold:   80         EV: 11    Int: 18    God:
                   SH:  3    Dex: 13

rFire   + + .      SeeInvis .   l - +0 dagger
rCold   x . .      Faith    .   h - +0 buckler
rNeg    . . .      Spirit   .   f - +2 robe {Archmagi}
rPois   ∞          Reflect  .   k - +2 helmet
rElec   .          Harm     .   (no cloak)
rCorr   .          Rampage  .   (no gloves)
Will    .....      Archmagi +   (boots unavailable)
Stlth   ++........              (no amulet)
HPRegen 0.11/turn               a - +4 ring of protection
MPRegen 0.00/turn               i - +4 ring of protection

@: corroded, flying
A: sickness immunity, fire resistance 2, cold vulnerability 1, float, innate
caster, hp casting, extra vitality 1
a: no special abilities


You were on level 3 of the Dungeon.
You visited 1 branch of the dungeon, and saw 3 of its levels.

You collected 143 gold pieces.
You spent 63 gold pieces at shops.

Inventory:

Hand Weapons
 l - a +0 dagger (weapon)
Missiles
 c - 138 stones
Armour
 b - a +0 robe
 f - a +2 robe of the Archmagi (worn)
 h - a +0 buckler (worn)
 k - a +2 helmet (worn)
Jewellery
 a - a +4 ring of protection (left hand)
 i - a +4 ring of protection (right hand)
Scrolls
 e - a scroll of torment {unknown}
 m - a scroll of teleportation {unknown}
Potions
 d - 3 potions of brilliance
 g - a potion of ambrosia {unknown}
 j - a potion of lignification


   Skills:
 + Level 0.1 Fighting
 - Level 2.1 Dodging
 - Level 1.5 Stealth
 * Level 0.2 Shields
 * Level 4.1 Spellcasting


You couldn't memorise any spells.
You knew the following spells:

 Your Spells              Type           Power      Damage    Failure   Level
a - Shock                 Conj/Air       100%       1d9       4%          1
b - Passwall              Tmut/Erth      23%        N/A       6%          2
c - Stone Arrow           Conj/Erth      56%        3d10      13%         3
d - Petrify               Tmut/Erth      28%        N/A       38%         4
e - Sandblast             Erth           56%        2d13      4%          1
f - Static Discharge      Conj/Air       28%        N/A       6%          2
Your spell library was empty.

Dungeon Overview and Level Annotations

Branches:
Dungeon (3/15)

Altars:
Dithmenos
Kikubaaqudgha
Ru

Shops:
D:3 *

Annotations:
D:3 Ijyb


Innate Abilities, Weirdness & Mutations

You are immune to sickness and miasma.
You are immune to poison.
Your flesh is very heat resistant. (rF++)
You are vulnerable to cold. (rC-)
You float through the air rather than walking.
You learn spells naturally, not from books.
Your magical power is your life essence.
You have superior vitality. (+4 HP)


Message History

Aiming: Shock (safe; 4% risk of failure)
Press: ? - help, Shift-Dir - straight line, f/p - kobold
Aim: a kobold, wielding a +0 whip (67% to hit)
You feel a surge of power!
The zap hits the kobold!
You kill the kobold!
Casting: Shock (safe; 4% risk of failure)
Confirm with . or Enter, or press ? or * to list all spells.
You can't see any susceptible monsters within range! (Use Z to cast anyway.)
You reach down and open the door.
Found a robe.
There is an open door here.
You see here a +0 robe.
m - a scroll labelled IPOQITUDAZ You reach down and open the door.
There is an open door here.
Ijyb the Twisted Goblin comes into view.
She is wielding a +0 club and carrying a wand of acid (8).
Ijyb is nearby!
Casting: Shock (safe; 4% risk of failure)
Confirm with . or Enter, or press ? or * to list all spells.
Aiming: Shock (safe; 4% risk of failure)
Press: ? - help, Shift-Dir - straight line You feel a surge of power!
The zap hits Ijyb!
Ijyb is moderately wounded.
Ijyb shouts!
The zap hits Ijyb but does no damage.
Ijyb is moderately wounded.
Casting: Shock (safe; 4% risk of failure)
Confirm with . or Enter, or press ? or * to list all spells.
The spell is quite dangerous to cast (13% risk of failure)!
Continue anyway?
Okay, then.
Unknown command.
Casting: Stone Arrow (quite dangerous; 13% risk of failure)
Confirm with . or Enter, or press ? or * to list all spells.
Okay, then.
There is an open door here.
You reach down and close the door.
Ijyb zaps a wand.
The bolt of acid hits you! The acid corrodes you!
Ijyb zaps a wand.
The bolt of acid hits you!!
Ouch! That really hurt!
You die...

.......#.####.....###.#
.######...########.#.##
#.....# ###.### ##...##
#.....# ##.## #.###.#
#.# #. #[# #.# #.###.#
##'## #.....# ##.@.##
###.### ##.....## ##.#
##.......## ##..#
#.........####...#####
+.......g.........)...
#................#####
##.......#......†#
##.....##.......#
##...###.......#


You could see Ijyb.

Vanquished Creatures
  2 worms
  2 dart slugs (D:1)
  11 orcs (D:3)
  6 bats
  3 endoplasms
  A giant cockroach (D:1)
  15 goblins
  5 hobgoblins
  4 jackals (D:2)
  5 kobolds
  5 quokkas
  10 ball pythons
  5 frilled lizards
  7 rats
81 creatures vanquished.

Notes
Turn   | Place    | Note
-------+----------+-------------------------------------------
     0 | D:1      | silenth the Djinni Earth Elementalist began the quest for
                  | the Orb.
     0 | D:1      | Reached XP level 1. HP: 15/15 MP: 0/0
    91 | D:1      | Found a faded altar of an unknown god.
   118 | D:1      | Reached XP level 2. HP: 11/21 MP: 0/0
   208 | D:1      | Reached skill level 3 in Spellcasting
   687 | D:1      | Reached XP level 3. HP: 21/25 MP: 0/0
   687 | D:1      | Learned a level 1 spell: Shock
  1340 | D:2      | Reached XP level 4. HP: 21/31 MP: 0/0
  1833 | D:2      | You are sucked into a shaft and drop 1 floor!
  1880 | D:3      | Found a sacrificial altar of Ru.
  1975 | D:3      | Found a shadowy altar of Dithmenos.
  2155 | D:3      | Reached skill level 4 in Spellcasting
  2360 | D:3      | Found Fimpekk's General Store.
  2370 | D:3      | Reached XP level 5. HP: 28/35 MP: 0/0
  2370 | D:3      | Learned a level 2 spell: Static Discharge
  2450 | D:3      | Bought a +0 buckler for 63 gold pieces
  2703 | D:3      | Noticed Ijyb
  2732 | D:3      | Killed from afar by Ijyb

Illustrated notes

Levels and vault maps discovered:
D:1:      dpeg_arrival_rhombus, layout_rooms,
          chequers_ecumenical_altar_simple_redux
D:2:      cheibrodos_greedy_goblins, layout_rooms, kennysheep_generic_room_6
D:3:      layout_loops_corners, kiku_gazebo_pond_becter, grunt_dithmenos_smoke,
          nicolae_ru_sacrificial_ziggurat, serial_shops, nicolae_diamond_shop,
          uniq_ijyb

Skill      XL: |  1  2  3  4 |
---------------+-------------+-----
Spellcasting   | 3 4 |  4.1
Fighting       | |  0.1
Dodging        | |  2.1
Stealth        | |  1.5
Shields        | |  0.2

Action                   |  1- 3 |  4- 6 || total
-------------------------+-------+-------++-------
Melee: Unarmed           |     2 |       ||     2
       Dagger            |       |     4 ||     4
 Cast: Sandblast         |    24 |       ||    24
       Shock             |    29 |    63 ||    92
  Use: Scroll            |       |     5 ||     5
Armor: Robe              |    10 |     7 ||    17
Dodge: Dodged            |    15 |    12 ||    27

Table legend: (Time is in decaauts)
 A = Elapsed time spent in this place.
 B = Non-inter-level travel time spent in this place.
 C = Inter-level travel time spent in this place.
 D = Time resting spent in this place.
 E = Time spent auto-exploring this place.
 F = Levels seen in this place.
 G = Mean time per level.
                   A        B        C        D        E       F      G
               +--------+--------+--------+--------+--------+-----+--------+
         Total |   2730 |   2631 |     99 |    780 |   1410 |   3 |  910.0 |
       Dungeon |   2730 |   2631 |     99 |    780 |   1410 |   3 |  910.0 |
               +--------+--------+--------+--------+--------+-----+--------+

Top non-repeatable levels by time:
     D:1: 1098 daAuts
     D:3: 898 daAuts
     D:2: 734 daAuts
